 Dungeon Crawl Stone Soup version 0.27.0-1-g7a089689b8 (webtiles) character file.

Game seed: 1756332468335008232

71 Anothat the Covered (level 4, -5/29 HPs)
             Began as a Gargoyle Fighter on July 31, 2021.
             Slain by an ogre (14 damage)
             ... on level 2 of the Dungeon.
             The game lasted 00:03:07 (3382 turns).

Anothat the Covered (Gargoyle Fighter)              Turns: 3382, Time: 00:03:07

Health: -5/29      AC: 11    Str: 20    XL:     4   Next: 24%
Magic:  4/4        EV:  7    Int:  9    God:
Gold:   169        SH:  9    Dex:  9    Spells: 3/3 levels left

rFire    . . .     SeeInvis .   a - +0 flail
rCold    . . .     Faith    .   c - +0 kite shield
rNeg     + . .     Spirit   .   b - +0 scale mail
rPois    ∞         Reflect  .   (no helmet)
rElec    +         Harm     .   (no cloak)
rCorr    .         Rampage  .   f - +0 pair of gloves
Will     .....                  (no boots)
Stlth    ..........             (no amulet)
HPRegen  0.09/turn              (no ring)
MPRegen  0.09/turn              (no ring)

@: mighty
A: sickness immunity, AC +3, negative energy resistance 1, electricity
resistance, torment resistance 1, petrification resistance
a: no special abilities


You were on level 2 of the Dungeon.
You visited 1 branch of the dungeon, and saw 3 of its levels.

You collected 169 gold pieces.

Inventory:

Hand Weapons
 a - a +0 flail (weapon)
Missiles
 k - 2 throwing nets (quivered)
Armour
 b - a +0 scale mail (worn)
 c - a +0 kite shield (worn)
 f - a +0 pair of gloves (worn)
Scrolls
 e - a scroll of magic mapping {unknown}
 h - a scroll of enchant weapon {unknown}
 i - 2 scrolls of identify {unknown}
Potions
 g - a potion of flight {unknown}
 j - a potion of curing {unknown}
 l - a potion of invisibility {unknown}


   Skills:
 + Level 3.8 Fighting
 * Level 2.9 Maces & Flails
 * Level 4.1 Armour
 + Level 3.6 Shields


You had 3 spell levels left.
You didn't know any spells.
Your spell library contained the following spells:

 Spells                   Type           Power      Damage    Failure   Level
 Inner Flame              Hex/Fire       0%         N/A       100%        3
 Tukima's Dance           Hex            0%         N/A       100%        3
 Cause Fear               Hex            0%         N/A       100%        4
 Passage of Golubria      Tloc           N/A        N/A       100%        4
 Yara's Violent Unravell  Hex/Tmut       0%         3d3       100%        5
 Discord                  Hex            0%         N/A       100%        8


Dungeon Overview and Level Annotations

Branches:
Dungeon (3/15)

Altars:
Makhleb


Innate Abilities, Weirdness & Mutations

You are immune to sickness and miasma.
Your stone body is resilient. (AC +3)
You are immune to poison.
You resist negative energy. (rN+)
You are resistant to electric shocks. (rElec)
You are resistant to unholy torment.
You are immune to petrification.


Message History

The ball python bites you but does no damage.
The ball python constricts you. The ball python bites you.
The ball python constricts you.
Your unstable footing causes you to fumble your attack.
The ball python bites you but does no damage.
The ball python constricts you. You block the ball python's attack.
The ball python constricts you.
You escape the ball python's grasp.
You sock the ball python!
You kill the ball python!
No target in view!
You enter the shallow water.
Moving in this stuff is going to be slow.
You enter the shallow water.
Moving in this stuff is going to be slow.
You enter the shallow water.
Moving in this stuff is going to be slow.
You enter the shallow water.
Moving in this stuff is going to be slow.
An ogre is nearby!
An ogre is nearby!
You aren't carrying any items that you can evoke.
Okay, then.
Okay, then.
You feel very mighty all of a sudden.
You sock the ogre!
The ogre is heavily wounded.
The ogre completely misses you.
You barely miss the ogre.
The ogre is heavily wounded.
The ogre barely misses you.
You thump the ogre!
The ogre is almost dead.
The ogre completely misses you.
Your shield prevents you from hitting the ogre.
The ogre is almost dead.
The ogre hits you with a +0 giant club!!
Ouch! That really hurt!
The ogre hits you with a +0 giant club!
You die...

.##....♣ ♣P≈♣♣..#
.##..♣♣♣♣♣♣≈♣♣♣♣♣♣#
.###.♣♣PPP≈.≈≈♣P♣≈##
.# #...≈≈≈≈≈≈.≈.≈..#
.# #.♣.♣≈♣.≈≈♣P♣♣♣.#
.# #.♣♣♣♣♣≈≈P♣♣♣♣♣.#
.# #.# ♣≈.♣♣#♣#..#
.###.## ♣..≈ #...##
...#..# ♣♣.♣ ♣#@##
.#.##.# P. #O#
......# # #.#
#####.# ..# # #.#
#.# # #.# #.# # #.#
#.# # #.# #.# . ..#


You could see an ogre.

Vanquished Creatures
  A worm (D:2)
  2 dart slugs (D:1)
  7 ball pythons
  8 endoplasms
  2 giant cockroaches
  5 goblins
  4 hobgoblins
  9 jackals
  6 kobolds
  4 bats
  3 frilled lizards
  5 rats
56 creatures vanquished.

Notes
Turn   | Place    | Note
-------+----------+-------------------------------------------
     0 | D:1      | Anothat the Gargoyle Fighter began the quest for the Orb.
     0 | D:1      | Reached XP level 1. HP: 14/14 MP: 1/1
   440 | D:1      | You fall into a shaft and drop 1 floor!
   441 | D:2      | Noticed an ogre
   448 | D:3      | Reached XP level 2. HP: 19/19 MP: 2/2
  1255 | D:3      | Found a burning altar of Makhleb.
  1255 | D:3      | Noticed an Executioner
  1531 | D:2      | Reached XP level 3. HP: 20/23 MP: 3/3
  2541 | D:1      | Reached skill level 4 in Armour
  2687 | D:1      | Found a faded altar of an unknown god.
  2697 | D:1      | Reached XP level 4. HP: 27/29 MP: 4/4
  3382 | D:2      | Slain by an ogre

Illustrated notes

Levels and vault maps discovered:
D:1:      kilobyte_arrival_exit_the_forest, layout_loops_ring,
          ebering_ecumenical_altar_hall, hangedman_glass_teeth,
          hangedman_decor_diamond_cutter
D:2:      layout_loops_ring, grunt_ministairs_12, serial_bayou_crossing
D:3:      layout_loops_ring, makhleb_altar_promises_db

Skill      XL: |  1  2  3 |
---------------+----------+-----
Armour         | 4 |  4.1
Fighting       | |  3.8
Maces & Flails | |  2.9
Shields        | |  3.6

Action                   |  1- 3 |  4- 6 || total
-------------------------+-------+-------++-------
Melee: Flail             |   162 |    34 ||   196
  Use: Potion            |       |     1 ||     1
Armor: Scale mail        |    94 |    14 ||   108
Dodge: Dodged            |    49 |    10 ||    59
Block: Kite shield       |   113 |    13 ||   126
